 Dungeon Crawl Stone Soup version 0.25-a0-10-g2fe12d4 (webtiles) character file.

Game seed: 5999572705691260402, levelgen mode: deterministic

199 pichaelthompson the Shield-Bearer (level 5, -4/47 HPs)
             Began as a Gnoll Fighter on Oct 15, 2019.
             Slain by a gnoll
             ... wielding a +1 whip of electrocution
              (11 damage)
             ... on level 3 of the Dungeon.
             The game lasted 00:03:54 (2366 turns).

pichaelthompson the Shield-Bearer (Gnoll Fighter)   Turns: 2366, Time: 00:03:54

Health: -4/47      AC:  7    Str: 19    XL:     5   Next: 77%
Magic:  7/7        EV:  9    Int: 10    God:
Gold:   61         SH: 12    Dex: 15    Spells: 7/7 levels left

rFire    + . .     SeeInvis .   a - +0 trident
rCold    x . .     Gourm    .   c - +1 shield
rNeg     . . .     Faith    .   b - +0 scale mail
rPois    .         Spirit   .   (no helmet)
rElec    .         Reflect  .   (no cloak)
rCorr    .         Harm     .   (no gloves)
MR       .....                  (no boots)
Stlth    +.........             (no amulet)
HPRegen  0.15/turn              k - ring of fire
MPRegen  0.10/turn              (no ring)

@: no status effects
A: distributed training, fangs 1, strong nose
a: no special abilities


You were on level 3 of the Dungeon.
You were not hungry.

You visited 1 branch of the dungeon, and saw 3 of its levels.

You collected 61 gold pieces.

Inventory:

Hand Weapons
 a - a +0 trident (weapon)
Armour
 b - a +0 scale mail (worn)
 c - a +1 shield (worn)
Jewellery
 k - a ring of fire (left hand)
Scrolls
 e - a scroll of magic mapping {unknown}
 n - a scroll of amnesia
 q - a scroll of immolation {unknown}
Potions
 d - a potion of might
 h - 2 potions of curing
 i - a potion of cancellation
 o - a potion of haste {unknown}
 r - 2 potions of invisibility {unknown}
Comestibles
 f - 4 rations
 g - 4 chunks of flesh


   Skills:
 + Level 6.7 Fighting
 + Level 1.6 Short Blades
 + Level 1.6 Long Blades
 + Level 1.6 Axes
 + Level 1.6 Maces & Flails
 + Level 4.8 Polearms
 + Level 1.6 Staves
 + Level 1.6 Slings
 + Level 1.6 Bows
 + Level 1.6 Crossbows
 + Level 1.6 Throwing
 + Level 6.7 Armour
 + Level 1.6 Dodging
 + Level 1.6 Stealth
 + Level 6.7 Shields
 + Level 1.6 Unarmed Combat
 + Level 1.6 Spellcasting
 + Level 1.2 Conjurations
 + Level 1.2 Hexes
 + Level 1.2 Charms
 + Level 1.2 Summonings
 + Level 1.2 Necromancy
 + Level 1.2 Translocations
 + Level 1.2 Transmutations
 + Level 1.2 Fire Magic
 + Level 1.2 Ice Magic
 + Level 1.2 Air Magic
 + Level 1.2 Earth Magic
 + Level 1.2 Poison Magic
 + Level 1.8 Invocations
 + Level 1.6 Evocations


You had 7 spell levels left.
You didn't know any spells.
Your spell library was empty.

Dungeon Overview and Level Annotations

Branches:
Dungeon (3/15)

Altars:
Wu Jian


Innate Abilities, Weirdness & Mutations

Your experience applies equally to all skills.
You have very sharp teeth.
Your uncanny sense of smell can sniff out nearby items.


Message History

You hit the gnoll but do no damage. You bite the gnoll.
The gnoll is heavily wounded.
You block the gnoll's attack. x2
You barely miss the gnoll. You bite the gnoll.
The gnoll is heavily wounded.
You block the gnoll's attack.
The gnoll hits you from afar with a +0 halberd.
* * * LOW HITPOINT WARNING * * *
You hit the gnoll but do no damage.
The gnoll is heavily wounded.
The gnoll barely misses you. You block the gnoll's attack.
Your shield and scale mail prevent you from hitting the gnoll.
The gnoll is heavily wounded.
The gnoll barely misses you. You block the gnoll's attack.
You hit the gnoll.
The gnoll is severely wounded.
The gnoll hits you with a +1 whip of electrocution.
* * * LOW HITPOINT WARNING * * *
You are electrocuted!
You die...

..)..# ####....#.....#
.##..# #........#.....#
.....# #....#...#.....#
##..........>#...#######
####........##..#
........ ##.# ........
#.## ........###..######
#....@......#
.......g....... ..)
.......g$.^.... ##..
...............
#..............
#.....<........
#..............
#..............


You could see 2 gnolls.

Vanquished Creatures
  A crimson imp (D:3)
  2 orc priests (D:3)
  A gnoll (D:3)
  4 adders
  2 oozes (D:1)
  A worm (D:2)
  A leopard gecko (D:2)
  2 orcs (D:3)
  A giant cockroach (D:3)
  2 goblins (D:1)
  6 hobgoblins
  3 jackals (D:2)
  7 bats
  2 frilled lizards
  10 kobolds
  6 rats
51 creatures vanquished.

Notes
Turn   | Place    | Note
-------+----------+-------------------------------------------
     0 | D:1      | pichaelthompson the Gnoll Fighter began the quest for the
                  | Orb.
     0 | D:1      | Reached XP level 1. HP: 23/23 MP: 1/1
    47 | D:1      | Reached XP level 2. HP: 29/29 MP: 2/2
   403 | D:1      | Reached XP level 3. HP: 35/35 MP: 3/3
  1121 | D:2      | Reached skill level 1 in Invocations
  1469 | D:2      | Reached skill level 1 in Short Blades
  1469 | D:2      | Reached skill level 1 in Long Blades
  1469 | D:2      | Reached skill level 1 in Axes
  1469 | D:2      | Reached skill level 1 in Maces & Flails
  1469 | D:2      | Reached skill level 1 in Staves
  1469 | D:2      | Reached skill level 1 in Slings
  1469 | D:2      | Reached skill level 1 in Bows
  1469 | D:2      | Reached skill level 1 in Crossbows
  1469 | D:2      | Reached skill level 1 in Throwing
  1469 | D:2      | Reached skill level 1 in Dodging
  1469 | D:2      | Reached skill level 1 in Stealth
  1469 | D:2      | Reached skill level 1 in Unarmed Combat
  1469 | D:2      | Reached skill level 1 in Spellcasting
  1469 | D:2      | Reached skill level 1 in Evocations
  1516 | D:2      | Found an ornate altar of the Wu Jian Council.
  1524 | D:2      | Reached XP level 4. HP: 32/41 MP: 5/5
  2254 | D:3      | Reached skill level 1 in Conjurations
  2254 | D:3      | Reached skill level 1 in Hexes
  2254 | D:3      | Reached skill level 1 in Charms
  2254 | D:3      | Reached skill level 1 in Summonings
  2254 | D:3      | Reached skill level 1 in Necromancy
  2254 | D:3      | Reached skill level 1 in Translocations
  2254 | D:3      | Reached skill level 1 in Transmutations
  2254 | D:3      | Reached skill level 1 in Fire Magic
  2254 | D:3      | Reached skill level 1 in Ice Magic
  2254 | D:3      | Reached skill level 1 in Air Magic
  2254 | D:3      | Reached skill level 1 in Earth Magic
  2254 | D:3      | Reached skill level 1 in Poison Magic
  2254 | D:3      | Reached XP level 5. HP: 41/47 MP: 6/6
  2366 | D:3      | Slain by a gnoll

Levels and vault maps discovered:
D:1:      erik_arrival_gehennom, layout_basic, minmay_door_square
D:2:      layout_loops_ring, lemuel_doored_altar
D:3:      layout_rooms, yredelemnul_altar_generic

Skill      XL: |  1  2  3  4 |
---------------+-------------+-----
Invocations    | 1 |  1.8
Short Blades   | 1 |  1.6
Long Blades    | 1 |  1.6
Axes           | 1 |  1.6
Maces & Flails | 1 |  1.6
Staves         | 1 |  1.6
Slings         | 1 |  1.6
Bows           | 1 |  1.6
Crossbows      | 1 |  1.6
Throwing       | 1 |  1.6
Dodging        | 1 |  1.6
Stealth        | 1 |  1.6
Unarmed Combat | 1 |  1.6
Spellcasting   | 1 |  1.6
Evocations     | 1 |  1.6
Conjurations   | 1 |  1.2
Hexes          | 1 |  1.2
Charms         | 1 |  1.2
Summonings     | 1 |  1.2
Necromancy     | 1 |  1.2
Translocations | 1 |  1.2
Transmutations | 1 |  1.2
Fire Magic     | 1 |  1.2
Ice Magic      | 1 |  1.2
Air Magic      | 1 |  1.2
Earth Magic    | 1 |  1.2
Poison Magic   | 1 |  1.2
Fighting       | |  6.7
Polearms       | |  4.8
Armour         | |  6.7
Shields        | |  6.7

Action                   |  1- 3 |  4- 6 || total
-------------------------+-------+-------++-------
Melee: Trident           |   105 |    93 ||   198
       Bite              |    10 |    12 ||    22
  Use: Scroll            |       |     7 ||     7
  Eat: Chunk             |     1 |     4 ||     5
Armor: Scale mail        |    38 |    22 ||    60
Dodge: Dodged            |    19 |    27 ||    46
Block: Shield            |    69 |    71 ||   140

Table legend:
 A = Non-vault XP
 B = Vault XP
 C = Vault XP percentage of total XP
 D = Non-vault monster count
 E = Vault monster count
 F = Vault count percentage of total count
                 A         B        C        D         E       F
            +---------+---------+-------+---------+---------+-------
      Total |     267 |      18 |   6.3 |      46 |       5 |   9.8
            +---------+---------+-------+---------+---------+-------
        D:1 |      22 |      18 |  45.0 |      16 |       5 |  23.8
        D:2 |      51 |       0 |   0.0 |      13 |       0 |   0.0
        D:3 |     194 |       0 |   0.0 |      17 |       0 |   0.0
            +---------+---------+-------+---------+---------+-------
